 Dungeon Crawl Stone Soup version 0.23.0 (webtiles) character file.

Game seed: 5178082616274301124

106 inmateoo the Skirmisher (level 4, 0/40 HPs)
             Began as a Centaur Air Elementalist on Feb 10, 2019.
             Killed from afar by Sigmund (9 damage)
             ... with a puff of flame
             ... on level 3 of the Dungeon.
             The game lasted 00:05:36 (2594 turns).

inmateoo the Skirmisher (Centaur Air Elementalist)  Turns: 2594, Time: 00:05:36

Health: 0/40       AC:  5    Str: 10    XL:     4   Next: 55%
Magic:  3/6        EV:  8    Int: 15    God:
Gold:   12         SH:  0    Dex: 10    Spells: 0/6 levels left

rFire    . . .     SeeInvis .   (no weapon)
rCold    . . .     Gourm    .   (no shield)
rNeg     + . .     Faith    .   e - +0 ring mail {rN+}
rPois    .         Spirit   .   (no helmet)
rElec    .         Reflect  .   (no cloak)
rCorr    .         Harm     .   (no gloves)
MR       .....                  (no barding)
Stlth    ..........             g - amulet of regeneration
HPRegen  0.13/turn              (no ring)
MPRegen  0.10/turn              (no ring)

@: confused, very quick
A: large, hooves 3, deformed body, speed 2, tough skin 3
a: no special abilities


You were on level 3 of the Dungeon.
You were hungry.

You visited 1 branch of the dungeon, and saw 4 of its levels.

You collected 12 gold pieces.

Inventory:

Armour
 a - a +0 buckler
 e - a +0 ring mail of positive energy (worn)
Jewellery
 b - an uncursed amulet of magic regeneration
 g - an amulet of regeneration (around neck)
Scrolls
 d - a scroll of teleportation {unknown}
 f - a scroll of remove curse {unknown}
Comestibles
 c - 2 rations


   Skills:
 + Level 3.9 Fighting
 - Level 1.3 Dodging
 - Level 1.1 Stealth
 * Level 1.8 Spellcasting
 - Level 0.8 Conjurations
 * Level 2.9 Air Magic


You couldn't memorise any spells.
You knew the following spells:

 Your Spells              Type           Power        Failure   Level  Hunger
a - Shock                 Conj/Air       #...         26%         1    ##.....
b - Swiftness             Chrm/Air       #.......     43%         2    ###....
c - Static Discharge      Conj/Air       #.......     63%         3    ####...

Your spell library contained the following spells:

 Spells                   Type           Power        Failure   Level  Hunger
 Airstrike                Air            ##........   87%         4    #####..
 Lightning Bolt           Conj/Air       #.........   100%        5    ######.


Dungeon Overview and Level Annotations

Branches:
Dungeon (4/15)
 Temple: D:4-7

Altars:
Ashenzari
Elyvilon
Zin

Annotations:
D:3 Sigmund
D:4 Edmund


Innate Abilities, Weirdness & Mutations

You have hooves in place of feet.
Armour fits poorly on your strangely shaped body.
You cover ground very quickly.
You have extremely tough skin. (AC +3)


Message History

Unknown command.
Sigmund gestures at you while chanting.
You are confused.
Sigmund points at you and mumbles some strange words.
You are more confused.
Sigmund gestures at you while chanting. You resist with some effort.
You bump into the rock wall.
Sigmund gestures at you while chanting. The puff of flame hits you.
* * * LOW HITPOINT WARNING * * *
You're too confused to move!
Sigmund misses you.
You aren't carrying any potions.
Unknown command.
Unknown command.
Sigmund hits you but does no damage. Sigmund casts a spell at you.
The puff of flame hits you!
You die...

.#.......#.# #.#
.#.#######.# #)#
############ .#.# #.)[.# #.#
#.......)... .#.#
##'#######'######..##...#...
[#.#
#...#..........##.###...#...
.#.#
#...'(....(....##.###..##...
<#.#
#...#..........##......###..
.#.#
#...#....@.....##.....## #..
.#.# #...#......@...##...###
#.. .#.#
#...#..........##.#### ##.
...#
#####..........##....#### #.
####
#..........(#(......####
#####.....................##
#.......>((.((.##..........#
#......##########.###.####..
#......# #.# #...##..
#......# #.# #....#..


You could see Sigmund.

Vanquished Creatures
  A crimson imp (D:3)
  Ijyb (D:3)
  An adder (D:3)
  A worm (D:3)
  7 orcs (D:3)
  A ball python (D:3)
  3 bats (D:3)
  4 giant cockroaches (D:3)
  A goblin (D:3)
  A hobgoblin (D:3)
  3 kobolds (D:3)
  4 rats
28 creatures vanquished.

Notes
Turn   | Place    | Note
-------+----------+-------------------------------------------
     0 | D:1      | inmateoo the Centaur Air Elementalist began the quest for
                  | the Orb.
     0 | D:1      | Reached XP level 1. HP: 14/14 MP: 3/3
   205 | D:3      | Reached skill level 1 in Fighting
   205 | D:3      | Reached XP level 2. HP: 12/24 MP: 0/4
   487 | D:3      | Found a glowing silver altar of Zin.
   507 | D:3      | Learned a level 2 spell: Swiftness
   511 | D:4      | Noticed an ogre
   546 | D:4      | Noticed Edmund
   558 | D:3      | Noticed a crimson imp
   588 | D:3      | Reached skill level 2 in Fighting
   638 | D:3      | Killed a crimson imp
   638 | D:3      | Reached skill level 3 in Fighting
   638 | D:3      | Reached XP level 3. HP: 14/31 MP: 1/5
  1062 | D:3      | Reached XP level 4. HP: 37/39 MP: 6/6
  1372 | D:3      | Found a shattered altar of Ashenzari.
  1372 | D:3      | Noticed Sigmund
  1450 | D:4      | Noticed an ogre
  1505 | D:3      | Learned a level 3 spell: Static Discharge
  1677 | D:3      | Noticed Ijyb
  2109 | D:3      | HP: 1/40 [Ijyb/wand of flame (1) (11)]
  2157 | D:3      | Killed Ijyb
  2263 | D:3      | Found a white marble altar of Elyvilon.
  2594 | D:3      | Killed from afar by Sigmund

Skill      XL: |  1  2 |
---------------+-------+-----
Fighting       | 1 3 |  3.9
Dodging        | |  1.3
Stealth        | |  1.1
Spellcasting   | |  1.8
Conjurations   | |  0.8
Air Magic      | |  2.9

Action                   |  1- 3 |  4- 6 || total
-------------------------+-------+-------++-------
Melee: Unarmed           |    72 |    59 ||   131
       Kick              |    14 |    17 ||    31
 Cast: Shock             |    30 |    26 ||    56
  Use: Potion            |       |     1 ||     1
  Eat: Chunk             |     1 |     1 ||     2
       Ration            |       |     1 ||     1
Armor: Robe              |    16 |       ||    16
       Ring mail         |    21 |    35 ||    56
Dodge: Dodged            |    65 |    31 ||    96
